 Dungeon Crawl Stone Soup version 0.28-b1-25-g9875b3fc8c (webtiles) character file.

Game seed: 9239572425636520291

12910 4FPSwarrior the Carver (level 11, -8/87 HPs)
             Began as a Vampire Gladiator on Feb 1, 2022.
             Was an Initiate of Yredelemnul.
             Mangled by a boulder beetle (17 damage)
             ... on level 10 of the Dungeon on Feb 2, 2022.
             The game lasted 00:54:03 (17234 turns).

4FPSwarrior the Carver (Vampire Gladiator)         Turns: 17234, Time: 00:54:03

Health: -8/87      AC: 20    Str: 15    XL:     11   Next: 68%
Magic:  21/21      EV:  5    Int: 12    God:    Yredelemnul [......]
Gold:   519        SH:  0    Dex: 17    Spells: 12/24 levels left

rFire   . . .      SeeInvis +   a - +1 long sword
rCold   . . .      Faith    +   (no shield)
rNeg    . . .      Spirit   .   s - +4 plate armour
rPois   .          Reflect  .   l - +2 helmet
rElec   .          Harm     .   K - +0 cloak
rCorr   .          Rampage  .   v - +1 pair of gloves
Will    +....                   (no boots)
Stlth   ..........              q - amulet of faith
HPRegen 0.44/turn               H - ring of flight
MPRegen 0.17/turn               (no ring)

@: flying, healing quickly
A: alive, fangs 3, see invisible, vampiric 2
a: Exsanguinate, Renounce Religion, Recall Undead Harvest


You were on level 10 of the Dungeon.
You worshipped Yredelemnul.
Yredelemnul was noncommittal.
You visited 3 branches of the dungeon, and saw 13 of its levels.
You also visited: Sewer.

You collected 519 gold pieces.

Inventory:

Hand Weapons
 a - a +1 long sword (weapon)
 b - a +1 dagger of venom
Missiles
 d - 3 throwing nets (quivered)
 f - 209 stones
 n - 31 poisoned darts
Armour
 j - a +0 ring mail
 l - a +2 helmet (worn)
 m - a +2 scale mail of willpower
 s - a +4 plate armour (worn)
 v - a +1 pair of gloves (worn)
 A - a +0 robe of the Archmagi
 B - a +2 robe of cold resistance
 K - a +0 cloak (worn)
Jewellery
 q - an amulet of faith (around neck)
 t - a +6 ring of dexterity
 H - a ring of flight (left hand)
Wands
 c - a wand of charming (7)
 o - a wand of polymorph (9)
 u - a wand of flame (52)
 G - a wand of iceblast (1)
Scrolls
 e - 2 scrolls of magic mapping {unknown}
 k - 4 scrolls of fog
 p - a scroll of summoning {unknown}
 r - a scroll of brand weapon {unknown}
 w - a scroll of silence {unknown}
 x - a scroll of torment
 y - a scroll of blinking
 z - a scroll of amnesia {unknown}
 D - 3 scrolls of enchant weapon
 E - 3 scrolls of immolation {unknown}
 L - a scroll of noise {unknown}
 M - a scroll of identify
Potions
 g - a potion of attraction
 h - a potion of flight
 i - 3 potions of curing
 C - a potion of cancellation {unknown}
 F - a potion of haste
 I - a potion of magic {unknown}
 J - a potion of brilliance {unknown}


   Skills:
 * Level 8.5 Fighting
 * Level 9.4 Long Blades
 - Level 1.5 Throwing
 - Level 3.2 Dodging
 + Level 7.2 Spellcasting
 + Level 6.0 Hexes
 + Level 8.5 Necromancy
 + Level 2.0 Transmutations
 + Level 4.1 Air Magic
 + Level 5.1 Invocations


You had 12 spell levels left.
You knew the following spells:

 Your Spells              Type           Power      Damage    Failure   Level
a - Sublimation of Blood  Necr           24%        N/A       61%         2
b - Tukima's Dance        Hex            18%        N/A       99%         3
c - Silence               Hex/Air        8%         N/A       100%        5
d - Wereblood             Tmut           9%         N/A       100%        2

Your spell library contained the following spells:

 Spells                   Type           Power      Damage    Failure   Level
 Scorch                   Fire           8%         2d5       100%        2
 Dazzling Flash           Conj/Hex       22%        N/A       100%        3
 Flame Wave               Conj/Fire      4%         2d5       100%        4
 Passage of Golubria      Tloc           4%         N/A       100%        4
 Agony                    Necr           24%        N/A       100%        5
 Yara's Violent Unravell  Hex/Tmut       7%         3d5       100%        5
 Summon Cactus Giant      Summ           2%         N/A       100%        6
 Summon Hydra             Summ           2%         N/A       100%        7


Dungeon Overview and Level Annotations

Branches:
Dungeon (11/15)            Temple (1/1) D:7            Lair (1/6) D:8
  Sewer (visited)
    Orc: D:9-12

Altars:
Ashenzari
Cheibriados
Dithmenos
Elyvilon
Fedhas
Gozag
Hepliaklqana
Kikubaaqudgha
Makhleb
Nemelex Xobeh
Okawaru
Qazlal
Ru
Sif Muna
Trog
Uskayaw
Vehumet
Wu Jian
Xom
Yredelemnul
Zin
The Shining One

Shops:
D:10 (

Annotations:
D:2 1 runed translucent door, Crazy Yiuf
D:3 Grinder, Sigmund
D:4 3 runed translucent doors, McKennaii's ghost, amateur DgCj
D:5 1 runed translucent door, McKennaii's ghost, novice DgCj


Innate Abilities, Weirdness & Mutations

Your natural rate of healing is accelerated.
You have razor-sharp teeth.
You have supernaturally acute eyesight. (SInv)
You are afflicted with vampirism and can become a bat while bloodless.


Message History

The boulder beetle bites you but does no damage.
Aiming: Iceblast
Press: ? - help, Shift-Dir - straight line The mass of ice explodes!
The iceblast engulfs the boulder beetle but does no damage.
The boulder beetle is severely wounded.
The boulder beetle leaps!
Aiming: Iceblast
Press: ? - help, Shift-Dir - straight line, f - boulder beetle
Aim: a boulder beetle (severely wounded)
The mass of ice explodes!
The iceblast engulfs the boulder beetle.
The boulder beetle is severely wounded.
The boulder beetle curls into a ball and begins rolling!
Aiming: Iceblast
Press: ? - help, Shift-Dir - straight line, f/p - boulder beetle
Aim: a boulder beetle (severely wounded, rolling)
The mass of ice explodes!
The iceblast engulfs the boulder beetle!
The boulder beetle is almost dead.
Aiming: Iceblast
Press: ? - help, Shift-Dir - straight line, f/p - boulder beetle
Aim: a boulder beetle (almost dead, rolling)
The mass of ice explodes!
The iceblast engulfs the boulder beetle but does no damage.
The boulder beetle is almost dead.
Aiming: Iceblast
Press: ? - help, Shift-Dir - straight line, f/p - boulder beetle
Aim: a boulder beetle (almost dead, rolling)
The mass of ice explodes!
The iceblast engulfs the boulder beetle but does no damage.
The boulder beetle is almost dead.
The boulder beetle hits you!!
* * * LOW HITPOINT WARNING * * *
The boulder beetle stops rolling and uncurls.
You hit the boulder beetle but do no damage.
The boulder beetle is almost dead.
The boulder beetle bites you!
You die...
Yredelemnul claims you as an undead slave.

.(.#...#### #.......#
(..#...'..######.......#
888#...##.....##.......#
####...######..#.......#
#......# ##.'.......#
#......# ###.......#
#....).# #.°.....#
#..[<[.# #B......#
######## #@......#
#.......# #.......#
#########


You could see a boulder beetle.

Vanquished Creatures
  A two-headed ogre (D:10)
  2 manticores (D:11)
  5 centaur zombies (D:11)
  A black mamba (Lair:1)
  A gargoyle (D:11)
  A freezing wraith (D:9)
  An unseen horror (shapeshifter) (D:10)
  A tengu conjurer (D:9)
  A troll (D:11)
  A hornet (D:9)
  17 yaks
  A wyvern (D:6)
  5 orc warriors
  Duvessa (D:6)
  2 sky beasts (D:5)
  2 ogres
  2 necrophages (D:6)
  7 centaurs
  4 kobold brigands
  2 bullfrogs
  A gnoll sergeant (D:9)
  4 scorpions
  Dowan (D:6)
  3 killer bees (D:10)
  A water moccasin skeleton (D:4)
  An electric eel (D:9)
  2 jellies (D:6)
  2 hounds (D:5)
  2 centaur skeletons
  A gnoll shaman (D:5)
  7 orc priests
  2 bullfrog skeletons
  Ijyb (D:4)
  Terence (D:2)
  Natasha (thrice) (D:2)
  An iguana (D:6)
  9 orc wizards
  A hound skeleton (D:4)
  Robin (D:2)
  16 gnolls
  A howler monkey zombie (D:6)
  12 adders
  2 white imps
  2 ufetubi
  A worm (D:2)
  3 dart slugs
  24 orcs
  5 endoplasms
  7 giant cockroaches
  14 goblins
  10 hobgoblins
  11 jackals
  A quokka (D:5)
  9 ball pythons
  8 bats
  3 frilled lizards
  21 kobolds
  6 rats
258 creatures vanquished.

Vanquished Creatures (collateral kills)
  A two-headed ogre (D:9)
  A centaur zombie (D:10)
  5 yaks
  A gnoll (D:9)
  An orc (D:8)
9 creatures vanquished.

Vanquished Creatures (others)
  2 dancing weapons
  A manticore zombie (D:11)
  6 yak zombies
  2 centaur zombies (D:11)
  An orc wizard (D:8)
  2 gnoll zombies
  3 orc zombies
  17 fungi (D:4)
  38 plants
  4 withered plants (D:6)
76 creatures vanquished.

Grand Total: 343 creatures vanquished

Notes
Turn   | Place    | Note
-------+----------+-------------------------------------------
     0 | D:1      | 4FPSwarrior the Vampire Gladiator began the quest for the
                  | Orb.
     0 | D:1      | Reached XP level 1. HP: 16/16 MP: 1/1
   212 | D:1      | Reached XP level 2. HP: 22/22 MP: 2/2
   263 | D:1      | Reached skill level 1 in Spellcasting
   276 | D:1      | Found a faded altar of an unknown god.
   569 | D:1      | Gained mutation: You are afflicted with vampirism and can
                  | become a bat while bloodless. [Vampire growth]
   569 | D:1      | Reached XP level 3. HP: 27/27 MP: 4/4
   904 | D:2      | Noticed Robin
  1135 | D:2      | Noticed Terence
  1145 | D:2      | Killed Terence
  1146 | D:2      | Reached XP level 4. HP: 14/34 MP: 6/6
  1274 | D:2      | Found a runed translucent door.
  1275 | D:2      | Noticed Crazy Yiuf
  1363 | D:2      | Noticed Natasha
  1383 | D:2      | Killed Natasha
  1479 | D:2      | Reached skill level 4 in Long Blades
  1589 | D:2      | Noticed Natasha
  1598 | D:2      | Killed Natasha
  1652 | D:2      | Killed Robin
  1653 | D:2      | Reached XP level 5. HP: 41/41 MP: 8/8
  1845 | D:2      | Noticed Natasha
  1850 | D:2      | Killed Natasha
  1903 | D:2      | Learned a level 2 spell: Sublimation of Blood
  2085 | D:3      | Noticed Grinder
  2193 | D:3      | Noticed Sigmund
  2319 | D:3      | Reached skill level 1 in Necromancy
  2319 | D:3      | Reached XP level 6. HP: 42/47 MP: 10/10
  2639 | D:4      | Found a runed translucent gate.
  2639 | D:4      | Found a runed translucent gate.
  2640 | D:4      | Found a runed translucent gate.
  2644 | D:4      | Noticed McKennaii's ghost (amateur DgCj)
  2673 | D:4      | Found a glowing drain.
  2699 | Sewer    | Entered a sewer
  3178 | Sewer    | Reached skill level 5 in Long Blades
  3178 | Sewer    | Reached XP level 7. HP: 45/54 MP: 12/12
  3540 | D:4      | Noticed Ijyb
  3551 | D:4      | Killed Ijyb
  4349 | D:5      | Entered Level 5 of the Dungeon
  4461 | D:5      | Found a shimmering blue altar of Sif Muna.
  4481 | D:5      | Found a runed translucent door.
  4740 | D:5      | Reached XP level 8. HP: 38/61 MP: 14/14
  5066 | D:5      | Reached skill level 5 in Fighting
  5288 | D:5      | Noticed McKennaii's ghost (novice DgCj)
  5364 | D:5      | Reached skill level 6 in Long Blades
  5884 | D:6      | Found a basalt altar of Yredelemnul.
  5891 | D:6      | Became a worshipper of Yredelemnul the Dark
  5969 | D:6      | Reached skill level 5 in Spellcasting
  5969 | D:6      | Reached skill level 5 in Necromancy
  6084 | D:6      | Noticed Duvessa
  6092 | D:6      | Noticed Dowan
  6347 | D:6      | Found a burning altar of Makhleb.
  6668 | D:6      | Reached * piety under Yredelemnul
  6669 | D:6      | Reached XP level 9. HP: 67/69 MP: 15/17
  6876 | D:7      | Noticed a two-headed ogre
  6947 | D:6      | Killed Duvessa
  6957 | D:6      | Killed Dowan
  7160 | D:7      | Reached skill level 1 in Invocations
  7194 | D:6      | Found a burning altar of Makhleb.
  7510 | D:6      | Found a basalt altar of Yredelemnul.
  7977 | D:7      | Reached skill level 7 in Long Blades
  8035 | D:7      | Found a shadowy altar of Dithmenos.
  8038 | D:7      | Found an ancient bone altar of Kikubaaqudgha.
  8144 | D:7      | Found a staircase to the Ecumenical Temple.
  8158 | Temple   | Entered the Ecumenical Temple
  8622 | D:8      | Found a snail-covered altar of Cheibriados.
  8937 | D:8      | Found a sacrificial altar of Ru.
  8943 | D:8      | Reached ** piety under Yredelemnul
  9012 | D:8      | Found a staircase to the Lair.
  9082 | D:8      | You fall into a shaft and drop 3 floors!
  9436 | D:11     | Noticed a two-headed ogre
  9569 | D:10     | Entered Level 10 of the Dungeon
  9676 | D:10     | Found Nuduckem's Firing Range.
  9933 | D:10     | Learned a level 3 spell: Tukima's Dance
  9939 | D:10     | Learned a level 5 spell: Silence
  9962 | D:9      | Found a sparkling altar of Nemelex Xobeh.
 10045 | D:9      | Noticed a meliai
 10047 | D:9      | a meliai changed into a hornet
 10227 | D:10     | Reached XP level 10. HP: 33/77 MP: 19/19
 10245 | D:10     | HP: 1/77 [yak (7)]
 10301 | D:10     | Reached skill level 1 in Hexes
 10436 | D:10     | Noticed a two-headed ogre
 10450 | D:10     | Killed a two-headed ogre
 10451 | D:10     | Reached skill level 1 in Air Magic
 10772 | D:9      | Reached skill level 8 in Long Blades
 11863 | D:9      | Found an iron altar of Okawaru.
 11875 | D:9      | Identified the +1 chain mail of the Pure Invaders {*Slow
                  | rC+ Dex+2}
 12103 | D:9      | Found a radiant altar of Vehumet.
 12230 | D:9      | Found a shimmering altar of Xom.
 13298 | D:11     | Noticed a gargoyle
 13881 | D:11     | Reached XP level 11. HP: 55/85 MP: 21/21
 14258 | D:10     | Reached skill level 5 in Hexes
 14446 | D:11     | Learned a level 2 spell: Wereblood
 14868 | D:10     | Reached skill level 9 in Long Blades
 15193 | D:11     | Reached skill level 1 in Transmutations
 15591 | D:11     | Reached skill level 5 in Invocations
 15707 | D:11     | Noticed a boulder beetle
 16157 | D:9      | Killed a two-headed ogre
 16307 | Lair:1   | Entered Level 1 of the Lair of Beasts
 17234 | D:10     | Mangled by a boulder beetle

Illustrated notes

Levels and vault maps discovered:
D:1:      dpeg_arrival_circle_labyrinth_c, layout_rooms, serial_forest,
          infiniplex_forest_lined_3_way, infiniplex_forest_corner_2,
          infiniplex_forest_end_3, infiniplex_forest_lined_ring,
          infiniplex_forest_clump_diagonal, infiniplex_forest_lined_2,
          basic_ecumenical_altar
D:2:      layout_loops_corners, uniq_terence, uniq_natasha, uniq_robin,
          uniq_crazy_yiuf_cottage
D:3:      layout_basic, solitary_fountain, uniq_grinder, uniq_sigmund
D:4:      layout_basic, gup_sewer_entry_glass, serial_aquarium,
          aquarium_bridge_long_separate [aquarium_subvault_bridge,
          aquarium_subvault_wall, aquarium_subvault_bridge,
          aquarium_subvault_window, aquarium_subvault_window,
          aquarium_subvault_bridge], aquarium_bridge_square
          [aquarium_subvault_wall, aquarium_subvault_bridge,
          aquarium_subvault_bridge, aquarium_subvault_balcony],
          aquarium_window_2, aquarium_window_1, aquarium_window_2,
          aquarium_window_fake, aquarium_view_2d, aquarium_view_2a,
          aquarium_balcony_5b, gammafunk_ghost_necromancy, uniq_ijyb
D:5:      layout_basic, mainiacjoe_overflow_concentric_impassable,
          gammafunk_ghost_grave
D:6:      layout_loops_ring, yredelemnul_altar_generic, bloody_makhleb,
          uniq_duvessa
D:7:      layout_gridville, jmf_multi_god_temple, minmay_temple_entry_nine_rooms
D:8:      layout_loops_corners, kennysheep_mini_moat, old_standard_altar,
          dpeg_oklobed_lair
D:9:      layout_cave_pools, mainiacjoe_overflow_large_starburst,
          vehumet_altar_wand_db, old_standard_altar, serial_bayou_lagoon_a,
          minmay_radiant
D:10:     layout_roguey, nicolae_shop_firing_range
D:11:     minmay_the_grid_square_5x5_3x3 [minmay_the_grid_square_5x5_six_small,
          minmay_the_grid_square_5x5_v,
          minmay_the_grid_square_5x5_checkered_sparse,
          minmay_the_grid_square_5x5_two,
          minmay_the_grid_square_5x5_megaprize_diamond,
          minmay_the_grid_square_5x5_sharp_hourglass,
          minmay_the_grid_square_5x5_fat_x, minmay_the_grid_square_5x5_plus,
          minmay_the_grid_square_5x5_spiral_small], layout_long_grid
Temple:   minmay_freezing_vapour_temple
Lair:1:   layout_layer_cave, grunt_forest_large_clearings

Skill      XL: |  1  2  3  4  5  6  7  8  9 10 11 |
---------------+----------------------------------+-----
Fighting       | 2 3 4 5 6 7 8 |  8.5
Spellcasting   | 1 2 3 4 5 6 7 |  7.2
Long Blades    | 4 5 6 7 8 9 |  9.4
Necromancy     | 1 2 3 5 6 7 8 |  8.5
Invocations    | 3 4 5 |  5.1
Hexes          | 4 6 |  6.0
Air Magic      | 3 4 |  4.1
Transmutations | 2 |  2.0
Throwing       | |  1.5
Dodging        | |  3.2

Action                   |  1- 3 |  4- 6 |  7- 9 | 10-12 || total
-------------------------+-------+-------+-------+-------++-------
Melee: Long sword        |   126 |   193 |   515 |   495 ||  1329
       Bite              |     9 |    22 |    67 |    62 ||   160
       Punch             |       |     3 |     5 |    10 ||    18
Throw: Dart              |       |       |    53 |    58 ||   111
       Throwing net      |       |       |       |     1 ||     1
 Cast: Tukima's Dance    |       |       |       |     6 ||     6
Invok: Recall Undead Har |       |       |       |     1 ||     1
Evoke: Wand              |       |       |       |    17 ||    17
  Use: Scroll            |       |     5 |     5 |     4 ||    14
       Potion            |       |       |     2 |    12 ||    14
 Stab: Paralysed         |       |       |       |    13 ||    13
Armor: Leather armour    |    41 |       |       |       ||    41
       Ring mail         |    19 |       |       |       ||    19
       Scale mail        |       |    87 |   258 |    99 ||   444
       Plate armour      |       |       |       |   157 ||   157
       Robe              |       |       |       |    43 ||    43
Dodge: Dodged            |   113 |    92 |   291 |   267 ||   763
